Map: King Sejong Station LE

Players

Noobix

  • Race: Protoss Protoss
  • League: Master

ThisGameSuck - Winner!

  • Race: Protoss Protoss
  • League: Grandmaster

VOD

Have the link to the VOD?

Description

Time

  • Played on: June 30, 2016, 10:39 a.m.
  • Length: 6:24
Show
View Real Time Build Order
Export as new Build Order

Noobix Protoss 

Build Orders: Zealot Archon, Dark Templar Rush 

Get SALT Encoding   

  12  0:00  Probe (Chrono Boost)  
  13  0:11  Probe (Chrono Boost)  
  14  0:18  Pylon  
  14  0:22  Probe (Chrono Boost)  
  15  0:36  Gateway, Probe (Chrono Boost)  
  15  0:41  Assimilator  
  16  0:46  Assimilator  
  16  0:50  Probe (Chrono Boost)  
  17  1:01  Probe (Chrono Boost)  
  18  1:06  Gateway  
  18  1:12  Probe (Chrono Boost)  
  19  1:22  Probe (Chrono Boost)  
  20  1:28  Cybernetics Core  
  21  1:33  Probe (Chrono Boost)  
  21  1:43  Pylon  
  21  1:49  Pylon  
  21  1:52  Probe (Chrono Boost)  
  22  2:06  Warp Gate (Chrono Boost)  
  23  2:11  Stalker (Chrono Boost)  
  24  2:17  Twilight Council  
  24  2:29  Probe  
  25  2:35  Stalker  
  27  2:39  Stalker  
  29  2:54  Dark Shrine  
  29  3:01  Probe  
  29  3:05  Stalker  
  32  3:20  Pylon  
  32  3:21  Gateway  
  32  3:26  Probe  
  33  3:49  Gateway  
  33  4:06  Dark Templar x2  
  37  4:15  Dark Templar  
  39  4:19  Pylon  
  37  4:44  Stalker x3  
  37  4:45  Stalker  
  43  5:05  Dark Templar  
  39  5:15  Dark Templar  
  39  5:16  Zealot x2  
  45  5:22  Archon  
  45  5:23  Pylon  
  45  5:35  Stalker  
  47  5:36  Stalker  
  47  5:42  Adept  
  47  5:58  Stalker  
  47  5:59  Stalker  
  51  6:12  Stalker  
Show
View Real Time Build Order
Export as new Build Order

ThisGameSuck Protoss - Winner!

Build Orders:  

Get SALT Encoding   

  12  0:01  Probe (Chrono Boost)  
  13  0:12  Probe (Chrono Boost)  
  14  0:18  Pylon  
  14  0:22  Probe (Chrono Boost)  
  15  0:37  Gateway, Probe (Chrono Boost)  
  16  0:47  Probe (Chrono Boost)  
  16  0:48  Assimilator  
  17  0:52  Assimilator  
  17  0:58  Probe (Chrono Boost)  
  18  1:08  Probe (Chrono Boost)  
  19  1:11  Gateway  
  19  1:19  Probe (Chrono Boost)  
  20  1:27  Cybernetics Core  
  20  1:29  Probe (Chrono Boost)  
  21  1:36  Pylon  
  21  1:40  Probe (Chrono Boost)  
  22  1:50  Probe (Chrono Boost)  
  23  2:01  Probe (Chrono Boost)  
  24  2:04  Stalker, Warp Gate (Chrono Boost)  
  24  2:07  Stalker  
  28  2:14  Mothership Core  
  30  2:20  Pylon  
  30  2:35  Probe  
  31  2:39  Sentry  
  31  2:43  Sentry  
  35  2:47  Probe  
  36  3:02  Probe  
  36  3:03  Nexus  
  37  3:12  Pylon  
  37  3:14  Probe  
  38  3:23  Robotics Facility  
  38  3:30  Pylon  
  38  3:32  Probe (Chrono Boost)  
  38  3:42  Twilight Council  
  38  3:44  Probe (Chrono Boost)  
  39  3:55  Probe (Chrono Boost)  
  40  4:00  Stalker x2  
  44  4:05  Probe (Chrono Boost)  
  45  4:12  Observer (Chrono Boost)  
  45  4:13  Probe  
  45  4:15  Pylon  
  45  4:16  Probe  
  48  4:24  Probe  
  48  4:28  Probe  
  49  4:38  Probe  
  49  4:47  Pylon  
  49  4:48  Probe  
  50  4:59  Stalker x2  
  53  5:01  Pylon  
  49  5:20  Immortal (Chrono Boost)  
  53  5:23  Stalker x2  
  57  5:30  Pylon, Probe x2  
  60  5:49  Stalker x2  
Tags
 
Add a new tag
Caveats
  • Supply blocks, unpowered buildings, or Contaminate may cause inaccurate times.
  • Supply counts are checked every 10 seconds.